 Dungeon Crawl Stone Soup version 0.24.0-1-gfbc8707122 (webtiles) character file.

Game seed: 2389631088960464236, levelgen mode: deterministic

304934 Alarkh the Impassioned (level 20, -10/167 HPs)
             Began as a Demonspawn Fighter on Oct 26, 2019.
             Was the Champion of Uskayaw.
             Killed from afar by a shadow dragon (glowing shapeshifter) (31 damage)
             ... with a bolt of negative energy
             ... on level 5 of the Vaults on Oct 27, 2019.
             The game lasted 01:15:46 (35327 turns).

Alarkh the Impassioned (Demonspawn Fighter)        Turns: 35327, Time: 01:15:47

Health: -10/167    AC: 27    Str: 17    XL:     20   Next: 27%
Magic:  19/35      EV: 16    Int: 18    God:    Uskayaw [******]
Gold:   3739       SH: 12    Dex: 14    Spells: 37/42 levels left

rFire    + . .     SeeInvis +   a - +6 double sword (flame)
rCold    + . .     Gourm    .   c - +0 shield
rNeg     . . .     Faith    .   z - +5 ring mail {rF+}
rPois    +         Spirit   .   (helmet unavailable)
rElec    .         Reflect  .   E - +2 cloak {rC+}
rCorr    .         Harm     .   L - +2 pair of gloves {Str+3}
MR       +....                  N - +0 pair of boots
Stlth    +.........             w - amulet of regeneration
HPRegen  0.77/turn              D - ring of see invisible
MPRegen  0.24/turn              V - ring of poison resistance

@: sanguine armour, drained
A: horns 3, talons 1, demonic guardian 3, mutation resistance 1, powered by
death 2, robust 1, weak 1, sanguine armour 1
}: 2/15 runes: decaying, gossamer
a: Stomp, Line Pass, Grand Finale, Renounce Religion


You were on level 5 of the Vaults.
You worshipped Uskayaw.
Uskayaw was most pleased with you.
You were not hungry.

You visited 6 branches of the dungeon, and saw 36 of its levels.
You also visited: Ossuary and Ice Cave.

You collected 3739 gold pieces.

Inventory:

Hand Weapons
 a - a +6 double sword of flaming (weapon)
Armour
 c - a +0 shield (worn)
 d - a +0 troll leather armour
 z - a +5 ring mail of fire resistance (worn)
 A - +0 fire dragon scales
 E - a +2 cloak of cold resistance (worn)
 L - a +2 pair of gloves of strength (worn)
 N - a +0 pair of boots (worn)
Jewellery
 w - an amulet of regeneration (around neck)
 D - a ring of see invisible (left hand)
 G - an uncursed amulet of harm
 V - a ring of poison resistance (right hand)
Wands
 g - a wand of paralysis (32)
 m - a wand of random effects (50)
 q - a wand of iceblast (27)
 u - a wand of acid (19)
 J - a wand of clouds (4)
 K - a wand of enslavement (18)
 M - a wand of scattershot (3)
 O - a wand of digging (6)
 Q - a wand of polymorph (33)
 T - a wand of flame (54)
Scrolls
 e - 12 scrolls of teleportation
 k - 15 scrolls of remove curse
 n - 7 scrolls of fog
 r - 14 scrolls of identify
 y - 4 scrolls of fear
 B - 4 scrolls of blinking
 I - 2 scrolls of magic mapping
Potions
 b - 4 potions of might
 h - a potion of cancellation
 i - 2 potions of mutation
 l - 7 potions of haste
 o - 6 potions of resistance
 p - 9 potions of curing
 s - 3 potions of invisibility
 t - 4 potions of berserk rage
 v - a potion of heal wounds
 C - 6 potions of flight
 F - a potion of brilliance
Miscellaneous
 j - a crystal ball of energy
 R - 2 phantom mirrors
 Y - a lightning rod (4/4)
Comestibles
 f - 50 rations
 P - 2 chunks of flesh


   Skills:
 + Level 11.8(11.0) Fighting
 - Level 16.0(15.1) Long Blades
 + Level 13.4(12.6) Armour
 + Level 10.5(9.7) Dodging
 + Level 10.8(10.1) Shields
 * Level 11.8(11.1) Spellcasting
 * Level 11.8(11.0) Air Magic
 * Level 17.6(16.7) Invocations
 + Level 10.8(10.0) Evocations


You had 37 spell levels left.
You knew the following spells:

 Your Spells              Type           Power        Failure   Level  Hunger
a - Airstrike             Air            #####.....   2%          4    ##.....
b - Confusing Touch       Hex            #.....       21%         1    None

Your spell library contained the following spells:

 Spells                   Type           Power        Failure   Level  Hunger
 Shock                    Conj/Air       ####         2%          1    None
 Poisonous Vapours        Pois/Air       ####..       3%          2    None
 Swiftness                Chrm/Air       ####....     3%          2    None
 Static Discharge         Conj/Air       ####....     6%          3    None
 Mephitic Cloud           Conj/Pois/Air  ###.....     14%         3    None
 Animate Skeleton         Necr           N/A          21%         1    None
 Apportation              Tloc           #.....       21%         1    None
 Beastly Appendage        Tmut           #.....       21%         1    None
 Freeze                   Ice            #...         21%         1    None
 Infusion                 Chrm           #...         21%         1    None
 Magic Dart               Conj           #...         21%         1    None
 Pain                     Necr           #...         21%         1    None
 Sting                    Conj/Pois      #...         21%         1    None
 Summon Small Mammal      Summ           #...         21%         1    None
 Summon Lightning Spire   Summ/Air       ####....     22%         4    ##.....
 Call Imp                 Summ           #.......     30%         2    None
 Ensorcelled Hibernation  Hex/Ice        #.....       30%         2    None
 Searing Ray              Conj           #.....       30%         2    None
 Shroud of Golubria       Chrm/Tloc      #.....       30%         2    None
 Song of Slaying          Chrm           #.......     30%         2    None
 Sticks to Snakes         Tmut           #.......     30%         2    None
 Throw Frost              Conj/Ice       #.....       30%         2    None
 Call Canine Familiar     Summ           #.......     52%         3    None
 Conjure Flame            Conj/Fire      #.......     52%         3    None
 Dazzling Spray           Conj/Hex       #.....       52%         3    None
 Ozocubu's Armour         Chrm/Ice       #.......     52%         3    None
 Recall                   Summ/Tloc      N/A          52%         3    None
 Regeneration             Chrm/Necr      #.........   52%         3    None
 Spectral Weapon          Hex/Chrm       #.......     52%         3    None
 Spider Form              Tmut/Pois      #.........   52%         3    None
 Summon Guardian Golem    Hex/Summ       #.......     52%         3    None
 Lightning Bolt           Conj/Air       ####......   52%         5    #####..
 Force Lance              Conj/Tloc      #.......     90%         4    ##.....
 Fulminant Prism          Conj/Hex       #.........   90%         4    ##.....
 Ice Form                 Ice/Tmut       #.......     90%         4    ##.....
 Iskenderun's Mystic Bla  Conj           #.......     90%         4    ##.....
 Leda's Liquefaction      Hex/Erth       #.........   90%         4    ##.....
 Olgreb's Toxic Radiance  Pois           #.......     90%         4    ##.....
 Summon Ice Beast         Ice/Summ       #.......     90%         4    ##.....
 Throw Icicle             Conj/Ice       #.......     90%         4    ##.....
 Aura of Abjuration       Summ           #.........   99%         5    #####..
 Blade Hands              Tmut           #.........   99%         5    #####..
 Bolt of Magma            Conj/Fire/Erth #.........   99%         5    #####..
 Metabolic Englaciation   Hex/Ice        #.........   99%         5    #####..
 Summon Demon             Summ           #.........   99%         5    #####..
 Summon Forest            Summ/Tloc      #.........   99%         5    #####..
 Summon Mana Viper        Hex/Summ       #.......     99%         5    #####..
 Venom Bolt               Conj/Pois      #.........   99%         5    #####..
 Bolt of Cold             Conj/Ice       #.........   100%        6    ######.
 Freezing Cloud           Conj/Ice/Air   ###.......   100%        6    ######.
 Iron Shot                Conj/Erth      #.........   100%        6    ######.
 Shadow Creatures         Summ           N/A          100%        6    ######.
 Simulacrum               Ice/Necr       #.........   100%        6    ######.
 Statue Form              Tmut/Erth      #........    100%        6    ######.
 Ring of Flames           Chrm/Fire      #.........   100%        7    #######
 Shatter                  Erth           #.........   100%        9    #######


Dungeon Overview and Level Annotations

Branches:
Dungeon (15/15)            Temple (0/1) D:7            Lair (6/6) D:11
  Swamp (4/4) Lair:2       Spider (4/4) Lair:3        Slime (0/5) Lair:5
    Orc (2/2) D:9             Elf (0/3) Orc:2        Vaults (5/5) D:14
  Crypt (0/3) Vaults:2     Depths (0/5) D:15        Ossuary (visited)
  IceCv (visited)

Altars:
Dithmenos
Elyvilon
Fedhas
Gozag
Hepliaklqana
Kikubaaqudgha
Makhleb
Okawaru
Qazlal
Sif Muna
Uskayaw
Vehumet
Xom
Yredelemnul
Zin
Beogh
Jiyva

Shops:
D:4 *   D:14 !   Orc:2 [(!   Vaults:2 [

Portals:
Bazaar: D:11
Trove: Vaults:1 (give +4 storm dragon scales)

Annotations:
D:11 3 runed translucent doors
Orc:2 1 runed translucent door, exclusion: 4 orange crystal statues


Innate Abilities, Weirdness & Mutations

You have a pair of large horns on your head.
A powerful demonic guardian rushes to your aid.
You regenerate health from kills.
You are robust. (+10% HP)
When seriously injured, your bleeding wounds create armour. (AC +6)
You have sharp toenails.
You are somewhat resistant to further mutation.
You are weak. (Str -2)


Message History

The shadow dragon changes into a frost giant!
You hit the frost giant. You burn the frost giant.
The frost giant is lightly wounded.
You hit the frost giant. You burn the frost giant.
You headbutt the frost giant.
The frost giant is lightly wounded.
The frost giant changes into a dire elephant!
You completely miss the dire elephant.
You headbutt the dire elephant, but do no damage.
The dire elephant is lightly wounded.
You hit the dire elephant. You burn the dire elephant.
You headbutt the dire elephant.
The dire elephant is lightly wounded.
The dire elephant misses you. You block the dire elephant's attack.
The dire elephant changes into an alligator snapping turtle!
The alligator snapping turtle changes into a shadow dragon!
You see here a very ugly thing corpse.
The shadow dragon breathes negative energy at you.
The bolt of negative energy hits you!!
You feel drained.
You die...

#.#.# # #.#.# # #.
#...#.# #.. #.#.#.#
#..########
#.#...#....#...D.....#
..#.#.#....#...)†)...#
#.).#.#....#####.)#..#
#.#.#.#....#...#†2#).#
#.#.#.#....#...#@.#..#
#.#.).#....#...#..#..[
..#..(............#....
#####.†)))...###########
......))<<............
.....))<()<...........
......))<<............
.........)............
#####.........########


You could see a shadow dragon shaped shifter and a friendly lorocyproca
(invisible).

Vanquished Creatures
  2 ancient liches (Vaults:5)
  the Lernaean hydra (Swamp:4)
  A golden dragon (Vaults:5)
  Arachne (Spider:4)
  A lich (Vaults:5)
  A quicksilver dragon (Vaults:5)
  Asterion (Vaults:1)
  A sphinx (Vaults:4)
  A shadow dragon (Vaults:5)
  2 thorn hunters (Swamp:3)
  A storm dragon (Vaults:2)
  Kirke (Lair:5)
  The ghost of robotcentaur the Nimble, an adept TeNe of Gozag (Spider:1)
  A deep elf sorcerer (Vaults:5)
  3 ghost moths (Spider:4)
  4 vault wardens (Vaults:3)
  2 frost giants
  7 emperor scorpions
  3 ironheart preservers
  Aizul (Vaults:4)
  5 entropy weavers
  4 stone giants
  A ghoul (D:13)
  10 very ugly things
  A war gargoyle (Vaults:5)
  Azrael (D:14)
  4 spark wasps
  An ettin (Vaults:5)
  Josephine (Swamp:1)
  The ghost of puimuR the Grappler, a journeyman TrAM (D:13)
  2 great orbs of eyes
  35 vault guards
  2 fire dragons
  7 yaktaur captains
  2 ice dragons
  24 hydras
  5 shambling mangroves
  10 two-headed ogres
  8 centaur warriors
  5 ogre magi
  2 catoblepae
  A ghost crab (Swamp:2)
  6 alligators
  A death knight (Vaults:5)
  2 tengu warriors (D:15)
  A dancing weapon (Vaults:5)
  2 deep troll shamans (Vaults:4)
  An orc high priest (Orc:2)
  A spectral death yak (Lair:4)
  A deep elf knight (Vaults:2)
  A shadow wraith (Vaults:4)
  9 skeletal warriors
  3 spriggan druids
  4 unseen horrors
  3 deep trolls
  7 swamp dragons
  2 wizards (Vaults:3)
  14 ironbrand convokers
  5 necromancers
  2 phantasmal warriors (Vaults:5)
  A lindwurm (Lair:6)
  18 wolf spiders
  A wolf spider zombie (D:13)
  5 cyclopes
  25 ugly things
  11 orc sorcerers
  12 orb spiders
  4 deep elf magi
  10 orc knights
  A manticore (D:15)
  A frost giant zombie (Vaults:2)
  A moth of wrath (Spider:4)
  6 elephants
  A stone giant skeleton (Vaults:2)
  A human skeleton (Vaults:2)
  2 guardian serpents (shapeshifter)
  2 molten gargoyles (Lair:6)
  A fire giant skeleton (Vaults:2)
  An ice statue (IceCv)
  5 black mambas
  9 spiny frogs
  8 vault sentinels
  A torpor snail (Spider:3)
  3 kobold demonologists
  6 komodo dragons
  A rime drake (shapeshifter) (Vaults:3)
  4 rime drakes
  16 freezing wraiths
  11 yaktaurs
  A komodo dragon (shapeshifter) (Vaults:4)
  A redback zombie (D:13)
  9 demonic crawlers
  2 guardian mummies (D:13)
  A yaktaur skeleton (Vaults:2)
  26 jumping spiders
  A jumping spider (shapeshifter) (Vaults:5)
  7 trolls
  5 meliai
  4 tyrant leeches
  2 polar bears
  18 hornets
  A harpy skeleton (D:15)
  A blink frog (shapeshifter) (Vaults:3)
  10 bog bodies
  4 hippogriffs
  8 slime creatures (Swamp:1)
  3 spriggans
  A vampire (D:14)
  57 redbacks
  9 tarantellas
  4 wyverns
  A shadow (D:15)
  4 hogs (Lair:5)
  14 yaks
  5 fire elementals
  2 hogs (shapeshifter)
  5 wraiths
  5 humans (D:14)
  A death yak simulacrum (IceCv)
  2 steam dragons (Lair:6)
  2 hungry ghosts
  9 basilisks
  2 human simulacra (Vaults:2)
  A spectral spiny frog (Lair:4)
  19 vampire mosquitoes
  Edmund (D:3)
  15 swamp worms
  3 acid dragons
  5 insubstantial wisps (Swamp:2)
  8 wargs
  2 soldier ants (D:12)
  A hydra simulacrum (Lair:4)
  6 porcupines
  6 hell hounds
  11 water moccasins
  7 sky beasts
  A hornet zombie (Ossuary)
  11 swamp drakes
  9 ice beasts
  23 orc warriors
  2 black bears
  An alligator simulacrum (IceCv)
  2 phantoms
  An orc zombie (Vaults:2)
  An eye of draining (D:9)
  A black mamba simulacrum (Lair:4)
  16 ogres
  11 wolves
  17 centaurs
  10 crocodiles
  11 big kobolds
  Blork the orc (D:4)
  A wyvern zombie (D:12)
  11 bullfrogs
  2 gnoll sergeants (D:9)
  2 water moccasin zombies
  4 scorpions
  A water moccasin skeleton (D:8)
  9 killer bees
  8 wights
  4 howler monkeys
  An electric eel (Spider:4)
  4 centaur zombies
  9 crimson imps
  3 draconian simulacra (IceCv)
  9 bullfrog zombies
  4 lava snakes (Lair:6)
  4 bullfrog skeletons
  10 hounds
  7 jellies
  19 orc priests
  6 centaur skeletons
  36 orc wizards
  An iguana (D:14)
  8 worker ants
  A polar bear simulacrum (IceCv)
  5 hell rats (Lair:3)
  2 spriggan simulacra (IceCv)
  5 troll simulacra (IceCv)
  A wolf simulacrum (IceCv)
  2 centaur simulacra
  2 hound zombies (Ossuary)
  2 hound skeletons
  14 mummies
  A howler monkey zombie (Ossuary)
  7 worker ant zombies
  2 gnolls
  A howler monkey skeleton (D:8)
  7 naga simulacra (IceCv)
  13 adders
  2 ogre simulacra (IceCv)
  A shadow imp (D:10)
  10 white imps (IceCv)
  5 oozes (D:10)
  2 adder skeletons
  3 adder zombies
  A worm (D:2)
  6 dart slugs
  10 leopard geckos
  88 orcs
  7 giant cockroaches
  11 goblins
  13 hobgoblins
  19 jackals
  9 quokkas
  A ball python (D:2)
  7 bats
  A frilled lizard (D:3)
  A giant cockroach zombie (Ossuary)
  38 kobolds
  A leopard gecko zombie (Ossuary)
  A quokka skeleton (D:4)
  5 rats
  3 briar patches (Swamp:3)
1304 creatures vanquished.

Vanquished Creatures (collateral kills)
  Margery (Vaults:4)
  Saint Roka (Vaults:1)
  A lich (Vaults:3)
  The ghost of pleonasm the Warrior, an adept OgBe of Trog (Swamp:2)
  Frances (D:14)
  The ghost of Honosyedgha the Warrior, an adept GrBe of Trog (Spider:1)
  A frost giant (Vaults:4)
  An iron dragon (Vaults:5)
  3 emperor scorpions (Spider:4)
  A vault warden (Vaults:4)
  A ghoul (D:13)
  2 very ugly things (Vaults:4)
  A stone giant (Vaults:5)
  3 ironheart preservers
  The ghost of skk the Spear-Bearer, a journeyman GrFi of Okawaru (Lair:4)
  A fire dragon (Lair:6)
  A great orb of eyes (Vaults:3)
  4 hydras
  5 vault guards
  2 ice dragons
  A centaur warrior (D:15)
  A two-headed ogre (Vaults:2)
  2 alligators
  A tengu warrior (D:14)
  A deep troll earth mage (Vaults:4)
  3 hell knights (Vaults:4)
  Urug (D:10)
  A skeletal warrior (D:13)
  3 deep trolls
  A fire crab (shapeshifter) (Vaults:4)
  An orange crystal statue (D:11)
  An ironbrand convoker (Vaults:2)
  An orc knight (Vaults:3)
  4 ugly things
  A wolf spider (Spider:4)
  A wolf spider (shapeshifter) (Vaults:5)
  2 deep elf magi (Vaults:2)
  2 orb spiders (Spider:4)
  A gargoyle (D:13)
  5 elephants (Lair:6)
  3 spiny frogs
  A molten gargoyle (Lair:6)
  2 vault sentinels
  A black mamba (Lair:6)
  A demonic crawler (Spider:1)
  A rime drake (Lair:6)
  2 komodo dragons (Lair:6)
  A freezing wraith (Vaults:3)
  A tengu conjurer (D:15)
  2 ice devils (Lair:3)
  A meliai (D:14)
  A troll (D:9)
  3 jumping spiders
  2 hornets (Swamp:3)
  2 tyrant leeches (Swamp:1)
  2 slime creatures (Swamp:1)
  2 hippogriffs
  A redback (Spider:4)
  2 spriggans (Swamp:3)
  5 tarantellas
  A wraith (Swamp:1)
  2 wyverns
  A yak (Lair:3)
  4 humans (D:14)
  A basilisk (D:11)
  A human simulacrum (Vaults:2)
  2 vampire mosquitoes
  A death yak simulacrum (Lair:4)
  A water moccasin (Lair:6)
  4 swamp drakes
  4 ice beasts
  8 orc warriors
  A necrophage (D:9)
  3 wolves (Lair:3)
  4 ogres
  3 centaurs
  A crocodile (D:8)
  A big kobold (D:9)
  A bullfrog (Lair:2)
  2 gnoll sergeants (D:9)
  A wyvern zombie (D:13)
  2 bullfrog zombies (Ossuary)
  A lava snake (Lair:6)
  A hound (D:9)
  2 orc wizards (Orc:2)
  An iguana (D:9)
  2 gnolls (D:9)
  A shadow imp (D:7)
  2 white imps (IceCv)
  A leopard gecko (D:10)
  12 orcs
  4 kobolds
179 creatures vanquished.

Vanquished Creatures (others)
  A vault guard (D:14)
  2 orc wizards (Orc:2)
  A frilled lizard (D:2)
  A briar patch (Swamp:3)
  A fungus (Lair:3)
  2 withered plants (Ossuary)
8 creatures vanquished.

Grand Total: 1491 creatures vanquished

Notes
Turn   | Place    | Note
-------+----------+-------------------------------------------
     0 | D:1      | Alarkh the Demonspawn Fighter began the quest for the Orb.
     0 | D:1      | Reached XP level 1. HP: 18/18 MP: 1/1
    93 | D:1      | Gained mutation: You regenerate a little health from kills.
                  | [demonic ancestry]
    93 | D:1      | Reached XP level 2. HP: 9/24 MP: 2/2
   296 | D:1      | Gained mutation: You have a pair of small horns on your
                  | head. [demonic ancestry]
   296 | D:1      | Reached XP level 3. HP: 26/29 MP: 3/3
  1589 | D:2      | Reached XP level 4. HP: 33/35 MP: 4/4
  1970 | D:2      | Found a white marble altar of Elyvilon.
  2191 | D:3      | Reached XP level 5. HP: 40/41 MP: 5/5
  2378 | D:3      | Reached skill level 5 in Long Blades
  2539 | D:3      | Found a radiant altar of Vehumet.
  2558 | D:3      | Found an ancient bone altar of Kikubaaqudgha.
  2559 | D:3      | Found a shimmering blue altar of Sif Muna.
  2564 | D:3      | Identified Kikubaaqudgha's Papyrus of Darkness
  2731 | D:4      | Found Enkecen's Assorted Antiques.
  2768 | D:4      | Noticed Edmund
  3062 | D:4      | Gained mutation: You are weak. (Str -2) [potion of
                  | mutation]
  3062 | D:4      | Gained mutation: You have sharp toenails. [potion of
                  | mutation]
  3062 | D:4      | Gained mutation: You are somewhat resistant to further
                  | mutation. [potion of mutation]
  3084 | D:3      | Gained mutation: When seriously injured, your bleeding
                  | wounds create armour. (AC +6) [demonic ancestry]
  3084 | D:3      | Reached XP level 6. HP: 4/47 MP: 6/6
  3365 | D:3      | Killed Edmund
  3698 | D:4      | Noticed Blork the orc
  3710 | D:4      | Killed Blork the orc
  3710 | D:4      | Gained mutation: You have a pair of horns on your head.
                  | [demonic ancestry]
  3710 | D:4      | Reached XP level 7. HP: 35/52 MP: 7/7
  4055 | D:5      | Entered Level 5 of the Dungeon
  4205 | D:5      | Found a hazy altar of Hepliaklqana.
  4591 | D:5      | Gained mutation: A weak demonic guardian rushes to your
                  | aid. [demonic ancestry]
  4591 | D:5      | Reached XP level 8. HP: 58/58 MP: 8/8
  4663 | D:5      | Found a hide-covered altar of Uskayaw.
  4776 | D:5      | Became a worshipper of Uskayaw the Reveler
  4837 | D:5      | Found a shadowy altar of Dithmenos.
  4981 | D:6      | Reached * piety under Uskayaw
  5121 | D:6      | Reached ** piety under Uskayaw
  5160 | D:6      | Found a burning altar of Makhleb.
  5161 | D:6      | Found a shimmering altar of Xom.
  5168 | D:6      | Reached *** piety under Uskayaw
  5869 | D:7      | Reached skill level 10 in Long Blades
  6217 | D:7      | Reached **** piety under Uskayaw
  6252 | D:7      | Found a staircase to the Ecumenical Temple.
  6267 | D:7      | Reached XP level 9. HP: 63/63 MP: 9/9
  6416 | D:7      | Found a stormy altar of Qazlal.
  6418 | D:7      | Found an iron altar of Okawaru.
  6499 | D:7      | Found a glowing silver altar of Zin.
  6813 | D:8      | Noticed a troll
  6821 | D:8      | Killed a troll
  6826 | D:8      | Reached ***** piety under Uskayaw
  6975 | D:8      | Found a sand-covered staircase.
  7057 | Ossuary  | Entered an ossuary
  7371 | D:8      | Paralysed by a hornet for 3 turns
  7384 | D:8      | Paralysed by a hornet for 2 turns
  7504 | D:8      | Gained mutation: A demonic guardian rushes to your aid.
                  | [demonic ancestry]
  7504 | D:8      | Reached XP level 10. HP: 31/70 MP: 10/10
  7995 | D:9      | Reached ****** piety under Uskayaw
  8091 | D:9      | Found an opulent altar of Gozag.
  8122 | D:9      | Found a staircase to the Orcish Mines.
  8168 | D:9      | Reached skill level 1 in Invocations
  8464 | D:10     | Entered Level 10 of the Dungeon
  8678 | D:10     | Noticed an unseen horror
  8683 | D:10     | Killed an unseen horror
  8683 | D:10     | Reached skill level 1 in Dodging
  8683 | D:10     | Reached skill level 2 in Invocations
  8827 | D:10     | Noticed an unseen horror
  8841 | D:10     | Killed an unseen horror
  8841 | D:10     | Reached XP level 11. HP: 67/76 MP: 11/13
  8932 | D:10     | Noticed Urug
  8943 | D:10     | Killed Urug
  8956 | D:10     | Identified a scroll of acquirement
  9061 | D:10     | Reached skill level 3 in Invocations
  9561 | D:11     | Found a blossoming altar of Fedhas.
  9613 | D:11     | Found a staircase to the Lair.
  9621 | D:11     | Found a gateway to a bazaar.
  9621 | D:11     | Noticed an orange crystal statue
  9630 | D:11     | Killed an orange crystal statue
  9688 | D:11     | Found a runed translucent door.
  9688 | D:11     | Noticed an unseen horror
  9689 | D:11     | Noticed an unseen horror
  9690 | D:11     | Noticed an unseen horror
  9690 | D:11     | Noticed a stone giant
  9691 | D:11     | Found a runed translucent door.
  9691 | D:11     | Found a runed translucent door.
  9774 | D:11     | Noticed an eight-headed hydra
  9779 | D:11     | Killed a six-headed hydra
  9779 | D:11     | Reached skill level 4 in Invocations
  9923 | Lair:1   | Entered Level 1 of the Lair of Beasts
  9944 | Lair:1   | Noticed a seven-headed hydra
  9952 | Lair:1   | Killed a four-headed hydra
  9952 | Lair:1   | Reached skill level 1 in Evocations
  9998 | Lair:2   | Found a staircase to the Swamp.
 10167 | Lair:2   | Reached skill level 5 in Fighting
 10234 | Lair:2   | Reached skill level 5 in Invocations
 10818 | Lair:1   | Noticed a six-headed hydra
 10825 | Lair:1   | Killed a four-headed hydra
 10825 | Lair:1   | Reached XP level 12. HP: 57/86 MP: 14/16
 10864 | Lair:1   | Reached skill level 5 in Armour
 11489 | Lair:1   | Reached skill level 15 in Long Blades
 11651 | Lair:3   | Noticed a six-headed hydra
 11659 | Lair:3   | Killed a two-headed hydra
 11659 | Lair:3   | Reached skill level 5 in Shields
 11659 | Lair:3   | Reached skill level 6 in Invocations
 11856 | Lair:3   | Found a hole to the Spider Nest.
 11897 | Lair:3   | Found a frozen archway.
 11911 | IceCv    | Entered an ice cave
 12298 | IceCv    | Found an ancient bone altar of Kikubaaqudgha.
 12486 | IceCv    | Reached skill level 7 in Invocations
 12553 | IceCv    | Identified Ximayn's Disquisition on Snow
 12750 | Lair:3   | Reached skill level 5 in Dodging
 12890 | Lair:3   | Got a jewelled leather armour
 12902 | Lair:3   | Identified the cursed +0 leather armour of the Loofah
                  | {Regen+ Str+2} (You found it on level 3 of the Lair of
                  | Beasts)
 13038 | Lair:3   | Got a dazzling leather armour
 13039 | Lair:3   | Identified the +2 leather armour "Haoroesk" {rElec Slay+5}
                  | (You found it on level 3 of the Lair of Beasts)
 13230 | Lair:4   | Noticed a six-headed hydra
 13235 | Lair:4   | Killed a three-headed hydra
 13275 | Lair:4   | Noticed a catoblepas
 13281 | Lair:4   | Killed a catoblepas
 13281 | Lair:4   | Gained mutation: You have a pair of large horns on your
                  | head. [demonic ancestry]
 13281 | Lair:4   | Reached XP level 13. HP: 94/94 MP: 18/18
 13473 | Lair:4   | Found a runed translucent gate.
 13473 | Lair:4   | Found a runed translucent gate.
 13473 | Lair:4   | Found a runed translucent gate.
 13872 | Lair:4   | Noticed skk's ghost (journeyman GrFi)
 13940 | Lair:4   | Killed skk's ghost
 14065 | Lair:5   | Found the +3 warlock's mirror {reflect}
 14123 | Lair:5   | Noticed Kirke
 14137 | Lair:5   | Killed Kirke
 14137 | Lair:5   | Reached skill level 8 in Invocations
 14213 | Lair:5   | Found a viscous altar of Jiyva.
 14214 | Lair:5   | Found a staircase to the Slime Pits.
 14741 | Lair:6   | Entered Level 6 of the Lair of Beasts
 14818 | Lair:6   | Reached skill level 5 in Evocations
 15678 | Lair:6   | Found a large runed translucent door.
 15710 | Lair:6   | Learned a level 4 spell: Airstrike
 15718 | Lair:6   | Noticed a fire dragon
 15730 | Lair:6   | Found a large runed translucent door.
 15946 | Lair:6   | Killed a fire dragon
 15946 | Lair:6   | Reached skill level 9 in Invocations
 16229 | Orc:1    | Entered Level 1 of the Orcish Mines
 16235 | Orc:1    | Reached skill level 1 in Spellcasting
 16376 | Orc:1    | Gained mutation: You regenerate health from kills. [demonic
                  | ancestry]
 16376 | Orc:1    | Reached XP level 14. HP: 45/103 MP: 20/20
 16507 | Orc:1    | Found a roughly hewn altar of Beogh.
 16639 | Orc:2    | Entered Level 2 of the Orcish Mines
 16723 | Orc:2    | Paralysed by an orc sorcerer for 5 turns
 16816 | Orc:2    | Reached skill level 1 in Air Magic
 16819 | Orc:2    | Paralysed by an orc sorcerer for 3 turns
 16834 | Orc:2    | Found a roughly hewn altar of Beogh.
 16886 | Orc:2    | Found Negeesipe's Weapon Shoppe.
 16919 | Orc:2    | Found Deaweh's Distillery.
 17008 | Orc:2    | Found a staircase to the Elven Halls.
 17184 | Orc:2    | Found a runed translucent door.
 17199 | Orc:2    | Found the +10 large shield of Ignorance {rN+ Int-4}
 17204 | Orc:2    | Found a runed translucent door.
 17318 | Orc:2    | Found Pyobiqusch's Antique Armour Shoppe.
 17346 | Orc:2    | Found Pisug's General Store.
 19059 | D:13     | Reached skill level 10 in Invocations
 19220 | D:13     | Noticed a ghoul
 19238 | D:13     | Killed a ghoul
 19388 | D:13     | Noticed a ghoul
 19402 | D:13     | Killed a ghoul
 19579 | D:13     | Found a runed translucent gate.
 19579 | D:13     | Found a runed translucent gate.
 19579 | D:13     | Noticed puimuR's ghost (journeyman TrAM)
 19580 | D:13     | Found a runed translucent gate.
 19594 | D:13     | Killed puimuR's ghost
 19924 | D:14     | Noticed Azrael
 19947 | D:14     | Killed Azrael
 19947 | D:14     | Reached skill level 11 in Invocations
 19947 | D:14     | Reached XP level 15. HP: 91/112 MP: 23/23
 20015 | D:14     | Noticed Frances
 20027 | D:14     | Killed Frances
 20171 | D:14     | Found Qoatotih's Distillery.
 20332 | D:14     | Found a gate to the Vaults.
 20456 | D:15     | Entered Level 15 of the Dungeon
 20564 | D:15     | Found a staircase to the Depths.
 20573 | D:15     | Reached skill level 5 in Spellcasting
 20575 | D:15     | Reached skill level 5 in Air Magic
 21463 | Swamp:1  | Entered Level 1 of the Swamp
 21774 | Swamp:1  | Noticed Josephine
 21785 | Swamp:1  | Killed Josephine
 21785 | Swamp:1  | Reached skill level 12 in Invocations
 22138 | Swamp:1  | Reached skill level 10 in Armour
 22715 | Swamp:2  | Gained mutation: A powerful demonic guardian rushes to your
                  | aid. [demonic ancestry]
 22715 | Swamp:2  | Reached XP level 16. HP: 99/120 MP: 25/25
 22736 | Swamp:2  | Found a runed translucent gate.
 22736 | Swamp:2  | Found a runed translucent gate.
 22737 | Swamp:2  | Found a runed translucent gate.
 22738 | Swamp:2  | Noticed pleonasm's ghost (adept OgBe)
 23124 | Swamp:2  | Killed pleonasm's ghost
 23147 | Swamp:2  | Got a dazzling falchion
 23148 | Swamp:2  | Identified the +10 falchion "Qerot" {slice, +Inv} (You
                  | found it on level 2 of the Swamp)
 23461 | Swamp:3  | Noticed a thorn hunter
 23475 | Swamp:3  | Killed a thorn hunter
 23902 | Swamp:3  | Reached skill level 13 in Invocations
 23903 | Swamp:3  | Noticed a thorn hunter
 23914 | Swamp:3  | Killed a thorn hunter
 24140 | Swamp:4  | Entered Level 4 of the Swamp
 24844 | Swamp:4  | Noticed the 27-headed Lernaean hydra
 24864 | Swamp:4  | Killed the 23-headed Lernaean hydra
 24990 | Swamp:4  | Got a decaying rune of Zot
 25292 | Spider:1 | Entered Level 1 of the Spider Nest
 25484 | Spider:1 | Found a runed translucent gate.
 25484 | Spider:1 | Found a runed translucent gate.
 25485 | Spider:1 | Found a runed translucent gate.
 25486 | Spider:1 | Noticed Honosyedgha's ghost (adept GrBe)
 25486 | Spider:1 | Noticed robotcentaur's ghost (adept TeNe)
 25960 | Spider:1 | Killed Honosyedgha's ghost
 25982 | Spider:1 | Killed robotcentaur's ghost
 26141 | Spider:2 | Reached XP level 17. HP: 79/127 MP: 29/29
 26691 | Spider:2 | Reached skill level 14 in Invocations
 27239 | Spider:2 | Reached skill level 10 in Fighting
 28476 | Spider:4 | Entered Level 4 of the Spider Nest
 28688 | Spider:4 | Learned a level 1 spell: Confusing Touch
 28701 | Spider:4 | Noticed Arachne
 28731 | Spider:4 | Killed Arachne
 29548 | Spider:4 | Got a gossamer rune of Zot
 29859 | Vaults:1 | Entered Level 1 of the Vaults
 29950 | Vaults:1 | Noticed Saint Roka
 29961 | Vaults:1 | Killed Saint Roka
 29961 | Vaults:1 | Reached skill level 15 in Invocations
 30054 | Vaults:1 | Noticed Asterion
 30059 | Vaults:1 | Gained mutation: You are robust. (+10% HP) [demonic
                  | ancestry]
 30059 | Vaults:1 | Reached XP level 18. HP: 123/149 MP: 31/31
 30065 | Vaults:1 | Killed Asterion
 30877 | Vaults:1 | Found a portal to a secret trove of treasure.
 31143 | Vaults:2 | Found a staircase to the Crypt.
 31143 | Vaults:2 | Found a basalt altar of Yredelemnul.
 31144 | Vaults:2 | Found an ancient bone altar of Kikubaaqudgha.
 31225 | Vaults:2 | Reached skill level 10 in Spellcasting
 31373 | Vaults:2 | Reached skill level 10 in Air Magic
 31519 | Vaults:2 | Found Ososaili's Armour Boutique.
 31846 | Vaults:2 | You fall into a shaft and drop 2 floors!
 31972 | Vaults:3 | Paralysed by an ogre mage for 2 turns
 32025 | Vaults:3 | Reached skill level 10 in Shields
 32112 | Vaults:3 | Reached skill level 16 in Invocations
 32927 | Vaults:3 | Noticed a lich
 32936 | Vaults:3 | Killed a lich
 32943 | Vaults:3 | Reached skill level 10 in Evocations
 32958 | Vaults:3 | Reached XP level 19. HP: 143/157 MP: 33/33
 33830 | Vaults:4 | Reached skill level 10 in Dodging
 33930 | Vaults:4 | Noticed Aizul
 34197 | Vaults:4 | Noticed Margery
 34210 | Vaults:4 | Killed Margery
 34291 | Vaults:4 | Killed Aizul
 35125 | Vaults:5 | Entered Level 5 of the Vaults
 35125 | Vaults:5 | Noticed an ancient lich
 35135 | Vaults:5 | Noticed an ancient lich
 35139 | Vaults:5 | Reached skill level 17 in Invocations
 35143 | Vaults:5 | Killed an ancient lich
 35161 | Vaults:5 | Killed an ancient lich
 35161 | Vaults:5 | Reached XP level 20. HP: 109/166 MP: 35/35
 35252 | Vaults:5 | Noticed a golden dragon
 35269 | Vaults:5 | Killed a golden dragon
 35310 | Vaults:5 | HP: 1/167 [quicksilver dragon (glowing shapeshifter)/bolt
                  | of dispelling energy (39)]
 35327 | Vaults:5 | Killed from afar by a shadow dragon (glowing shapeshifter)

Levels and vault maps discovered:
D:1:      psy_arrival_fountain, layout_loops_corners, moated_statue,
          chequers_mini_garden, minivault_24, roderic_serpentine_path
D:2:      layout_basic, elyvilon_altar_4
D:3:      layout_loops_cross, grunt_temple_overflow_magic_moments
D:4:      kennysheep_the_goblin_king, layout_gridville, serial_shops, shop,
          uniq_blork_the_orc, uniq_edmund
D:5:      layout_basic, kennysheep_mini, lemuel_round_altar,
          kennysheep_little_box, first_ration
D:6:      layout_loops_corners, grunt_temple_overflow_champion_of_chaos,
          minmay_misc_feat_five
D:7:      layout_basic, nicolae_overflow_crystal_walls,
          gammafunk_temple_overflow_pools, temple_statues
D:8:      layout_gridville, enter_ossuary_1
D:9:      layout_cave_pools, nicolae_gozag_cash_rules_everything_around_me,
          kennysheep_orc_monster_closet_entryway
D:10:     layout_loops_corners, hangedman_little_slice_of_home,
          dk_noncrumbling_3, uniq_urug
D:11:     minmay_the_grid_triangle_9x9_recursive_2
          [minmay_the_grid_triangle_9x9_prize_insulated,
          minmay_the_grid_triangle_9x9_sprig,
          minmay_the_grid_triangle_9x9_odd_lines,
          minmay_the_grid_triangle_9x9_fully_insulated_deathbox],
          layout_long_grid, lair_entry_dummy, serial_shops, statue_bzr,
          fedhas_bush_and_centaur_altar
D:12:     layout_cave_pools
D:13:     layout_roguey, gammafunk_ghost_hydra_chop, serial_undead,
          serial_undead_c, serial_undead_a, serial_undead_a, serial_undead_a,
          serial_undead_c, serial_undead_d, serial_undead_e, serial_undead_c,
          serial_undead_c, serial_undead_e, serial_bayou_ford_a
D:14:     layout_small_grid, ximxim_vaults_locker_room, serial_shops, shop,
          chequers_serial_rivers_small_b, uniq_frances, uniq_azrael
D:15:     grunt_enter_depths_hoard, layout_loops_ring
Lair:1:   layout_layer_cave, grunt_megastairs_4, infiniplex_staircase_pool_2,
          lemuel_fruit_fields
Lair:2:   layout_roguey, skrybe_swamp_entry_bodies
Lair:3:   layout_loops_ring, nicolae_spider_entry_orb_guardian,
          portal_ice_cave_demonic_guard
Lair:4:   layout_long_grid, gammafunk_ghost_necromancy
Lair:5:   layout_concentric_octagons, slime_altar_1, grunt_megastairs_3,
          uniq_kirke
Lair:6:   cheibrodos_lair_end_hotspot, layout_cave_pods, serial_bayou_shore_b
Swamp:1:  layout_basic_swamp, hangedman_swamp_lotus, uniq_josephine
Swamp:2:  layout_basic_swamp, ebering_ghost_rock_garden, serial_swamp_ruin,
          evilmike_swamp_ruin_house_1, evilmike_swamp_ruin_rubble_2,
          evilmike_swamp_ruin_house_5, swamp_pool5
Swamp:3:  layout_falls_marsh, evilmike_swamp_ruin_rubble_1
Swamp:4:  swamp_old_school, layout_basic_swamp
Spider:1: layout_spider_delve, gammafunk_ghost_cemetery
Spider:2: layout_chambers
Spider:3: layout_chambers
Spider:4: grunt_spider_rune_circles, uniq_arachne
Orc:1:    layout_diamond_mine, basic_altar
Orc:2:    st_orc_town, layout_caves, chequers_guarded_unrand_ignorance
Vaults:1: nicolae_vaults_shelves_hall, vaults_dpeg_diagonal,
          vaults_room_grunt_arrival_ludios, vaults_mumra_minichess,
          layout_vaults_chaotic_city, enter_trove_5, uniq_saint_roka,
          uniq_asterion
Vaults:2: vaults_mumra_lcd, ontoclasm_vaults_idyll,
          minmay_crypt_entry_necro_gods, vaults_room_stairs_pillars,
          hangedman_vaults_maws, ontoclasm_vaults_ligature,
          layout_vaults_quadrants, serial_shops, shop
Vaults:3: vaults_room_hallway, nicolae_vaults_little_squares_1,
          nicolae_vaults_little_squares_5, v_rooms_4, nicolae_vaults_big_ls,
          grunt_vaults_twisty, hangedman_vaults_cutoff, st_smaller_cells,
          vaults_room_fours, vaults_room_corners, ontoclasm_vaults_gateway,
          layout_vaults_omnibox
Vaults:4: ontoclasm_vaults_bender, ontoclasm_vaults_spin, vaults_dpeg_doors,
          ontoclasm_vaults_fault, v_pattern_1, v_rooms_4,
          nicolae_vaults_specimen_jars, v_misc_10, vaults_mumra_chevron,
          vaults_room_grunt_arrival_checkpoint, layout_vaults_omnicross,
          uniq_margery, uniq_aizul
Vaults:5

Skill      XL: |  1  2  3  4  5  6  7  8  9 10 11 12 13 14 15 16 17 18 19 |
---------------+----------------------------------------------------------+-----
Long Blades    | 2 3 4 5 7 8 10 12 14 15 16 | 16.0
Invocations    | 2 5 7 9 11 12 13 15 16 17 | 17.6
Armour         | 3 4 6 7 9 10 11 12 13 | 13.4
Dodging        | 1 3 5 6 7 8 9 10 | 10.5
Shields        | 3 4 5 6 7 8 9 10 | 10.8
Fighting       | 5 6 7 8 9 10 11 | 11.8
Evocations     | 2 4 5 6 7 8 9 10 | 10.8
Spellcasting   | 1 4 6 8 9 10 11 | 11.8
Air Magic      | 4 6 8 9 10 11 | 11.8

Action                   |  1- 3 |  4- 6 |  7- 9 | 10-12 | 13-15 | 16-18 | 19-21 || total
-------------------------+-------+-------+-------+-------+-------+-------+-------++-------
Melee: Long sword        |   149 |   150 |   221 |       |       |       |       ||   520
       Headbutt          |    14 |    36 |   105 |   138 |   296 |   324 |   112 ||  1025
       Kick              |       |    15 |   145 |    34 |       |       |       ||   194
       Scimitar          |       |       |   260 |   156 |       |       |       ||   416
       Double sword      |       |       |       |   437 |  1310 |  1373 |   424 ||  3544
 Cast: Confusing Touch   |       |       |       |       |       |     1 |       ||     1
Invok: Stomp             |       |       |       |       |     1 |       |     1 ||     2
       Line Pass         |       |       |       |       |       |     1 |     1 ||     2
Evoke: Wand              |       |       |       |       |       |     6 |       ||     6
  Use: Potion            |     1 |     3 |     1 |     1 |     2 |     4 |     8 ||    20
       Scroll            |       |       |    15 |    18 |     8 |     7 |     2 ||    50
 Stab: Paralysed         |       |       |    13 |    32 |   121 |   135 |    43 ||   344
       Distracted        |       |       |     1 |     1 |     5 |       |     2 ||     9
       Confused          |       |       |       |       |       |     1 |       ||     1
       Held in net/web   |       |       |       |       |       |     1 |       ||     1
  Eat: Chunk             |     2 |     4 |    12 |    20 |    26 |    19 |     9 ||    92
       Ration            |       |     1 |       |       |     2 |     5 |       ||     8
Armor: Scale mail        |    83 |    47 |    74 |       |       |       |       ||   204
       Ring mail         |       |       |    94 |   238 |   451 |   558 |   102 ||  1443
       Skin              |       |       |     8 |       |       |       |       ||     8
Dodge: Dodged            |    33 |    30 |   100 |   211 |   542 |   620 |   169 ||  1705
Block: Shield            |    83 |    68 |   171 |   264 |   596 |   622 |   178 ||  1982
       Rpst.: Long sword |     7 |     7 |    17 |       |       |       |       ||    31
       Scimitar          |       |       |    15 |     8 |       |       |       ||    23
       Double sword      |       |       |       |    48 |   127 |   118 |    32 ||   325
